 Dungeon Crawl Stone Soup version 0.20.0-8-g6b59dc7 (webtiles) character file.

266470 glosham the Crack Shot (level 19, 0/192 HPs)
             Began as a Tengu Warper on May 31, 2017.
             Was the Champion of Jiyva.
             Slain by a spriggan rider
             ... wielding a +0 spear
              (18 damage)
             ... on level 4 of the Depths on June 1, 2017.
             The game lasted 08:25:25 (26862 turns).

glosham the Crack Shot (Tengu Warper)              Turns: 26862, Time: 08:25:26

Health: 0/192      AC: 27    Str: 24    XL:     19   Next: 60%
Magic:  33/33      EV: 23    Int: 13    God:    Jiyva [******]
Gold:   441        SH:  0    Dex: 20    Spells: 17/24 levels left

rFire    . . .     SeeInvis .   b - +3 lajatang (elec)
rCold    + + .     Gourm    .   (shield currently unavailable)
rNeg     . . .     Faith    .   O - +7 chain mail of Infinity {rC+ rCorr MP+9 Int+3}
rPois    .         Spirit   .   V - +2 hat
rElec    .         Reflect  .   Y - +2 cloak
rCorr    +         Harm     .   W - +2 pair of gloves
MR       +....                  (boots unavailable)
Stlth    ..........             z - amulet "Cisojepp" {Regen+ Stlth+}
Regen    0.9/turn               A - +3 ring of protection
MPRegen  0.3/turn               B - ring of wizardry

@: berserking (expiring), flying quickly and evasively, very quick
A: beak, talons 3, clever 1, cold resistance 1, sense surroundings 1, gelatinous
body 1, pseudopods 1, evolution 1, jelly sensing items, jelly absorbing
missiles, able to fly 2
}: 3/15 runes: serpentine, barnacled, slimy
a: Stop Flying, Request Jelly, Slimify, Cure Bad Mutation, Renounce Religion


You were on level 4 of the Depths.
You worshipped Jiyva.
Jiyva was exalted by your worship.
You were completely stuffed.

You visited 7 branches of the dungeon, and saw 40 of its levels.
You also visited: Labyrinth and Ice Cave.

You collected 2028 gold pieces.
You spent 1587 gold pieces at shops.

Inventory:

Hand Weapons
 a - a +5 longbow of flaming
 b - a +3 lajatang of electrocution (weapon)
 c - a +0 longbow of freezing
 d - a +0 longbow
Missiles
 e - 750 arrows
Armour
 E - +0 ice dragon scales
 G - the +1 leather armour of the Barnacle {rC+ rN+ Slay+3}
   (You found it on level 1 of the Snake Pit)

   It affects your accuracy and damage with ranged weapons and melee attacks
   (+3).
   It protects you from cold.
   It protects you from negative energy.
 K - the +4 plate armour of Kikubaaqudgha's Hope {+Blink rCorr Int+3 SInv}
   (You found it on level 2 of the Snake Pit)

   It affects your intelligence (+3).
   It lets you see invisible.
   It lets you blink.
   It protects you from acid and corrosion.
 O - the +7 chain mail of Infinity (worn) {rC+ rCorr MP+9 Int+3}
   (You found it on level 4 of the Depths)

   It affects your intelligence (+3).
   It protects you from cold.
   It affects your magic capacity (+9).
   It protects you from acid and corrosion.
 U - +1 fire dragon scales
 V - a +2 hat (worn)
 W - a +2 pair of gloves (worn)
 X - the +9 ring mail of the Snake Pit {rPois rF- Dex+7}
   (You found it on level 8 of the Dungeon)

   It affects your dexterity (+7).
   It makes you vulnerable to fire.
   It protects you from poison.
 Y - a +2 cloak (worn)
 Z - the +6 scale mail of the Circus Animal {Str+2 Int+4}
   (You found it on level 2 of the Lair of Beasts)

   It affects your strength (+2).
   It affects your intelligence (+4).
Magical Staves
 w - an uncursed staff of wizardry {!a}
Jewellery
 z - the amulet "Cisojepp" (around neck) {Regen+ Stlth+}
   (You found it on level 5 of the Pits of Slime)

   [amulet of regeneration]

   It increases your rate of regeneration.
   It makes you more stealthy.
 A - a +3 ring of protection (left hand)
 B - a ring of wizardry (right hand)
 P - an uncursed ring of poison resistance
Wands
 g - a wand of digging (5/24)
 M - a wand of paralysis (14/24)
Scrolls
 h - 3 scrolls of immolation
 i - 2 scrolls of silence {!r}
 j - 2 scrolls of amnesia
 k - 8 scrolls of teleportation
 l - 2 scrolls of blinking
 n - a scroll of fear
 o - 5 scrolls of remove curse
 p - 6 scrolls of identify
 q - 3 scrolls of recharging
Potions
 r - 7 potions of heal wounds
 s - 10 potions of curing
 t - a potion of magic
 u - a potion of resistance
 v - 2 potions of haste
 x - a potion of agility
 y - 3 potions of might
 D - a potion of lignification
 H - 2 potions of cancellation
 I - 5 potions of brilliance
 J - a potion of ambrosia
 N - a potion of invisibility
Books
 m - a book of Dreams

   Spells                             Type                      Level
   a - Ensorcelled Hibernation        Hexes/Ice                    2
   b - Silence                        Hexes/Air                    5
   c - Darkness                       Hexes                        6
   d - Shadow Creatures               Summoning                    6
 F - a book of Spatial Translocations

   Spells                             Type                      Level
   a - Blink                          Translocation                2
   b - Shroud of Golubria             Charms/Translocation         2
   c - Lesser Beckoning               Translocation                3
   d - Gell's Gravitas                Translocation                3
   e - Teleport Other                 Translocation                3
   f - Passage of Golubria            Translocation                4
Comestibles
 f - 19 meat rations


   Skills:
 * Level 17.0 Fighting
   Level 2.1(9.9) Polearms
 - Level 14.4(14.5) Staves
 * Level 21.0 Bows
 - Level 1.0 Throwing
 - Level 9.0 Armour
 - Level 14.0 Dodging
 - Level 3.0 Spellcasting
 - Level 8.0 Translocations


You had 17 spell levels left.
You knew the following spells:

 Your Spells              Type           Power        Failure   Level  Hunger
a - Apportation           Tloc           ###...       1%          1    #......
b - Blink                 Tloc           N/A          2%          2    ###....
g - Passage of Golubria   Tloc           N/A          19%         4    #####..


Dungeon Overview and Level Annotations

Branches:
Dungeon (15/15)            Temple (0/1) D:4            Lair (6/6) D:11
 Shoals (4/4) Lair:3        Snake (4/4) Lair:2        Slime (5/5) Lair:5
    Orc (2/2) D:9             Elf (0/3) Orc:2        Vaults (0/5) D:14
 Depths (4/5) D:15

Altars:
Ashenzari
Elyvilon
Makhleb
Vehumet
Jiyva

Shops:
D:4 %   D:5 }   D:8 *   D:9 !   D:12 %%   Orc:2 *!}(   Depths:1 }==

Portals:
Hell: Depths:1 Depths:3 Depths:4
Abyss: Depths:4
Pandemonium: Orc:2 Depths:1 Depths:3

Annotations:
Shoals:2 Polyphemus
Shoals:4 Bai Suzhen
Slime:5 Royal Jelly


Innate Abilities, Weirdness & Mutations

You have a beak for a mouth.
You have claws for feet.
You can fly continuously.
Your mind is acute. (Int +2)
Your flesh is cold resistant. (rC+)
You passively map a small area around you.
Your rubbery body absorbs attacks. (AC +1, EV +1)
Armour fits poorly on your pseudopods.
You evolve.
You have a small jelly attached to you that senses nearby items.
You have a small jelly attached to you that may absorb incoming projectiles.


Message History

Your peck misses the spriggan berserker.
Your bludgeon misses the spriggan berserker.
The spriggan berserker is almost dead.
The elephant tramples you!
You hold your ground!
The elephant barely misses you.
The spriggan berserker hits you but does no damage.
Your chain mail of Infinity prevents you from hitting the spriggan berserker.
You claw the spriggan berserker, but do no damage.
Your peck misses the spriggan berserker.
Your bludgeon misses the spriggan berserker.
The spriggan berserker is almost dead.
The elephant tramples you!
You hold your ground!
The elephant trunk-slaps you but does no damage.
The spriggan berserker prays to Trog.
The spriggan berserker goes berserk!
You closely miss the spriggan berserker.
Your peck misses the spriggan berserker.
The spriggan berserker is almost dead.
The elephant misses you. The elephant trunk-slaps you.
You hear a trumpeting!
The spriggan berserker hits you but does no damage.
Really quaff
C - a potion of berserk rage {!q}?
A red film seems to cover your vision as you go berserk!
You feel yourself moving faster!
You feel mighty! The elephant closely misses you. The elephant trunk-slaps you.
* * * LOW HITPOINT WARNING * * *
You hear a trumpeting!
The spriggan berserker hits you with an enchanted war axe!!
* * * LOW HITPOINT WARNING * * *
The elephant barely misses you. x2
You hear a trumpeting!
You slice the spriggan berserker!!
You kill the spriggan berserker!
The elephant is no longer berserk.
The elephant disappears in a puff of smoke!
You start resting.
You feel a strong urge to attack something.
A two-headed ogre comes into view. It is wielding two giant clubs.
The spriggan rider shouts!
The two-headed ogre shouts in stereo!
The spriggan rider hits you with a spear!!
You die...

..##.'...#..#...............* *
...#####'#..#........##.....#
#....h...#..#..............O#.'
.###....##.###.....#........#. #
#..######..#..#...##....i.... *.#
#..#.......#..#..###....(..(###.#
.##.......#.##.##.##.#...i(......
#......♣...#..#i..#..#...........
#...##........#)@.##......i..##..
.#..##.......OO#.###...O>....#* .
........#...O##### #..#iO##..####
........#....# ####..........#..
....#........####.##..........#..
............i#....#OY............
....###...........i....#......#..
....# ##..#...........#####...###
....# #####.........## #....#


You could see a spriggan rider, a two-headed ogre, an ogre mage and an ogre.

Vanquished Creatures
  A titan (Depths:4)
  Gastronok (D:8)
  3 sphinxes (Depths:4)
  2 tengu reavers (Depths:3)
  A storm dragon (Depths:4)
  4 fire giants
  10 nagarajas
  3 frost giants
  A vault warden (D:14)
  An orc warlord (Orc:1)
  Aizul (Snake:2)
  9 very ugly things (Depths:3)
  2 stone giants (Depths:1)
  A merfolk javelineer (Depths:3)
  A minotaur (Lab)
  7 ettins
  A merfolk impaler (Depths:1)
  A deep elf high priest (D:15)
  3 fire dragons
  An ogre mage (D:14)
  2 yaktaur captains
  20 naga warriors
  9 ice dragons
  A rakshasa (Depths:3)
  2 spriggan air magi (Depths:3)
  8 hydras
  8 anacondas
  9 centaur warriors
  A catoblepas (Shoals:2)
  5 tengu warriors
  10 two-headed ogres
  3 merfolk aquamancers
  A satyr (Shoals:1)
  A vampire mage (Depths:3)
  A queen ant (shapeshifter) (Depths:3)
  3 death yaks (Shoals:2)
  A deep troll shaman (Depths:3)
  The ghost of lorenzova the Thaumaturge, a journeyman DEFE of Vehumet (D:11)
  12 naga sharpshooters
  A spriggan berserker (Depths:4)
  5 deep troll earth magi
  6 orc high priests (Orc:2)
  3 shock serpents
  4 hell knights (Depths:3)
  A shadow wraith (D:15)
  A gelid demonspawn (Orc:2)
  3 salamander mystics
  7 deep trolls
  An infernal demonspawn (Orc:2)
  8 sea snakes
  An ironbrand convoker (D:14)
  An unseen horror (D:15)
  A flayed ghost (D:15)
  6 orc knights
  Pikel (D:7)
  A tengu zombie (Depths:4)
  3 naga ritualists
  A wolf spider (D:15)
  2 necromancers
  5 mana vipers
  6 orc sorcerers
  18 ugly things
  A wolf spider zombie (D:14)
  3 cyclopes
  16 salamanders
  5 fauns (Shoals:1)
  An oklob plant (Lair:4)
  37 black mambas
  8 guardian serpents
  6 manticores
  A rust devil (Orc:2)
  16 elephants
  A merfolk siren (Shoals:1)
  2 centaur zombies
  2 ice statues (Depths:1)
  16 naga magi
  A molten gargoyle (D:14)
  2 water nymphs (Shoals:4)
  A torpor snail (Lair:4)
  2 gargoyles
  6 spiny frogs
  2 freezing wraiths (Depths:1)
  2 rime drakes (IceCv)
  8 komodo dragons
  An efreet (D:14)
  3 yaktaurs
  A tengu conjurer (Depths:3)
  5 ice devils
  A meliai (shapeshifter) (Depths:3)
  5 trolls
  9 polar bears
  8 merfolk
  3 snapping turtles
  6 hornets
  A dream sheep (shapeshifter) (Depths:3)
  14 hippogriffs
  Prince Ribbit (D:6)
  2 dream sheep
  A redback (Lab)
  A redback (shapeshifter) (Depths:3)
  Sigmund (D:3)
  3 air elementals
  A ynoxinul (Orc:2)
  A fire elemental (D:14)
  12 water elementals
  A vampire (D:12)
  17 yaks
  12 spriggans
  2 wyverns
  A hungry ghost (D:12)
  3 hogs (Shoals:1)
  A wraith (D:12)
  A basilisk (shapeshifter) (D:14)
  2 humans (shapeshifter) (Depths:3)
  A vampire mosquito (D:10)
  3 steam dragons
  An elf skeleton (Depths:4)
  55 nagas
  3 soldier ants
  5 wargs
  2 acid dragons (D:12)
  13 water moccasins
  3 hell hounds (Depths:4)
  34 orc warriors
  8 porcupines
  2 slaves (D:7)
  3 black bears
  A hornet zombie (D:14)
  A black bear (shapeshifter) (Depths:3)
  Purgy (D:3)
  14 ogres
  16 ice beasts
  5 boggarts (Lair:6)
  A necrophage (D:4)
  26 wolves
  16 centaurs
  15 crocodiles
  A big kobold (D:12)
  10 bullfrogs
  A gnoll sergeant (Orc:2)
  12 killer bees
  5 scorpions
  6 electric eels
  A howler monkey (D:12)
  8 crimson imps
  A bullfrog zombie (D:12)
  6 hounds
  5 centaur skeletons
  16 orc priests
  2 bullfrog skeletons
  17 orc wizards
  8 iguanas
  10 worker ants
  A howler monkey zombie (D:6)
  5 gnolls
  11 adders
  3 shadow imps
  An adder skeleton (D:9)
  A worm (D:4)
  3 dart slugs
  5 leopard geckos
  67 orcs
  6 giant cockroaches
  5 goblins
  2 hobgoblins
  13 jackals
  11 kobolds
  3 quokkas
  3 bats
  2 frilled lizards (D:3)
  A quokka skeleton (D:7)
  3 rats (D:1)
  A bush (Lair:5)
  A butterfly (Lair:6)
  A fungus (Lair:4)
  6 plants (Lair:5)
990 creatures vanquished.

Vanquished Creatures (collateral kills)
  A juggernaut zombie (Depths:4)
  A stone giant (Depths:3)
  A fire dragon (Depths:1)
  An ice dragon (IceCv)
  A two-headed ogre (D:15)
  A hell knight (Depths:3)
  A deep elf archer (D:15)
  2 sea snakes (Shoals:1)
  2 ice beasts (Depths:1)
11 creatures vanquished.

Vanquished Creatures (others)
  3 acid blobs (Slime:5)
  3 great orbs of eyes
  A centaur warrior (D:14)
  An orc high priest (Orc:2)
  A glowing orange brain (Depths:1)
  A manticore (Shoals:1)
  A merfolk siren (Shoals:1)
  A centaur zombie (D:11)
  A naga mage (Snake:4)
  An orange demon (Orc:2)
  A spiny frog (Lair:4)
  A merfolk (Shoals:1)
  14 slime creatures
  A hippogriff (Lair:2)
  A vampire mosquito (D:10)
  2 nagas
  A soldier ant (D:14)
  An eye of draining (D:15)
  A water moccasin (Lair:2)
  A porcupine (Lair:3)
  2 orc warriors (Orc:2)
  A black bear (D:12)
  A wolf (Lair:6)
  5 centaurs
  A big kobold (D:8)
  4 bullfrogs
  A crimson imp (D:11)
  A gnoll shaman (D:5)
  234 jellies
  A bullfrog zombie (D:13)
  2 orc priests
  3 orc wizards
  Crazy Yiuf (D:2)
  An iguana (Lair:2)
  Terence (D:2)
  2 worker ants
  A worker ant zombie (D:9)
  An adder (D:2)
  4 gnolls
  A shadow imp (D:9)
  4 oozes (Lair:4)
  An adder zombie (D:9)
  A leopard gecko (D:7)
  12 orcs
  2 giant cockroaches
  2 hobgoblins (D:1)
  3 jackals (D:9)
  3 bats
  19 kobolds
  A rat (D:1)
  6 fungi
  11 plants
371 creatures vanquished.

Grand Total: 1372 creatures vanquished

Notes
Turn   | Place    | Note
-------+----------+-------------------------------------------
     0 | D:1      | glosham the Tengu Warper began the quest for the Orb.
     0 | D:1      | Reached XP level 1. HP: 12/12 MP: 4/4
   260 | D:2      | Found a faded altar of an unknown god.
   268 | D:2      | Became a worshipper of Jiyva Jeffec the Shapeless
   268 | D:2      | Reached * piety under Jiyva
   310 | D:2      | Reached XP level 2. HP: 18/18 MP: 6/6
   321 | D:2      | Killed Terence
   334 | D:2      | Found a white marble altar of Elyvilon.
   392 | D:2      | Reached ** piety under Jiyva
   465 | D:2      | Reached skill level 3 in Fighting
   597 | D:2      | Found a runed door.
   603 | D:2      | Gained mutation: You are dopey. (Int -2) [potion of mutation]
   603 | D:2      | Gained mutation: You have a pair of small antennae on your head. [potion of mutation]
   603 | D:2      | Gained mutation: You are resistant to hostile enchantments. (MR+) [potion of mutation]
   604 | D:2      | Noticed Crazy Yiuf
   728 | D:2      | Killed Crazy Yiuf
   904 | D:1      | Reached XP level 3. HP: 23/23 MP: 7/7
  1078 | D:1      | Reached skill level 1 in Staves
  1254 | D:1      | Reached *** piety under Jiyva
  1362 | D:1      | Gained mutation: Your natural rate of healing is unusually fast. [Jiyva's grace]
  1440 | D:2      | Learned a level 2 spell: Blink
  1460 | D:3      | Reached skill level 2 in Staves
  1493 | D:3      | Noticed Purgy
  1497 | D:3      | Killed Purgy
  1497 | D:3      | Reached skill level 4 in Staves
  1497 | D:3      | Reached XP level 4. HP: 20/28 MP: 8/8
  1497 | D:3      | Gained mutation: You can fly. [Tengu growth]
  1497 | D:3      | Reached XP level 5. HP: 23/32 MP: 9/9
  1720 | D:3      | Noticed Sigmund
  1725 | D:3      | Killed Sigmund
  1725 | D:3      | Reached skill level 6 in Staves
  1725 | D:3      | Reached XP level 6. HP: 37/37 MP: 10/10
  2228 | D:4      | Noticed a necrophage
  2234 | D:4      | Killed a necrophage
  2234 | D:4      | Reached skill level 7 in Staves
  2234 | D:4      | Reached XP level 7. HP: 40/41 MP: 11/11
  2238 | D:4      | Found a staircase to the Ecumenical Temple.
  2316 | D:4      | Found Iruhosed's Food Boutique.
  2620 | D:5      | Entered Level 5 of the Dungeon
  2731 | D:5      | Reached **** piety under Jiyva
  2919 | D:5      | Found Wiypsuimid's Gadget Boutique.
  2941 | D:5      | Reached skill level 8 in Staves
  2943 | D:5      | Reached skill level 2 in Armour
  3000 | D:5      | Reached skill level 4 in Fighting
  3002 | D:5      | Got a creamy pearl robe
  3010 | D:5      | Reached XP level 8. HP: 42/48 MP: 12/12
  3238 | D:6      | Reached skill level 3 in Armour
  3265 | D:6      | Reached skill level 9 in Staves
  3356 | D:6      | Noticed Prince Ribbit
  3374 | D:6      | Reached skill level 5 in Fighting
  3379 | D:6      | Killed Prince Ribbit
  3379 | D:6      | Reached skill level 4 in Armour
  3389 | D:6      | Reached XP level 9. HP: 36/54 MP: 13/13
  3425 | D:6      | Learned a level 1 spell: Apportation
  3559 | D:6      | Reached skill level 3 in Translocations
  3599 | D:6      | Identified the +2 robe of Sihoz {MR+ rCorr Int-5 Stlth+} (You took it off a gnoll on level 5 of the Dungeon)
  3635 | D:7      | Noticed Pikel
  3665 | D:7      | Killed Pikel
  3665 | D:7      | Reached skill level 4 in Translocations
  3745 | D:7      | Reached skill level 5 in Translocations
  3847 | D:7      | Gained mutation: Your translucent skin slightly reduces your foes' accuracy. (Stealth) [Jiyva's grace]
  4063 | D:7      | Reached ***** piety under Jiyva
  4070 | D:7      | Identified a scroll of acquirement
  4078 | D:7      | Learned a level 4 spell: Passage of Golubria
  4087 | D:8      | Noticed Gastronok
  4105 | D:8      | Killed Gastronok
  4105 | D:8      | Reached skill level 12 in Staves
  4105 | D:8      | Reached XP level 10. HP: 59/59 MP: 14/14
  4135 | D:8      | Got a fine ring mail
  4435 | D:8      | Found Geugid's General Store.
  4445 | D:8      | Reached skill level 13 in Staves
  4467 | D:8      | Lost mutation: You have a pair of small antennae on your head. [Jiyva's grace]
  4608 | D:8      | Lost mutation: You are dopey. (Int -2) [Jiyva's grace]
  4733 | D:8      | Identified the +9 ring mail of the Snake Pit {rPois rF- Dex+7} (You found it on level 8 of the Dungeon)
  4759 | D:9      | Noticed a two-headed ogre
  4766 | D:9      | Killed a two-headed ogre
  4854 | D:9      | Noticed a two-headed ogre
  4871 | D:9      | Killed a two-headed ogre
  4871 | D:9      | Reached skill level 14 in Staves
  4871 | D:9      | Reached XP level 11. HP: 43/64 MP: 15/15
  4927 | D:9      | Lost mutation: You are resistant to hostile enchantments. (MR+) [Jiyva's grace]
  4927 | D:9      | Reached ****** piety under Jiyva
  5005 | D:9      | Noticed a two-headed ogre
  5006 | D:9      | Found a staircase to the Orcish Mines.
  5016 | D:9      | Killed a two-headed ogre
  5016 | D:9      | Reached skill level 6 in Fighting
  5151 | D:9      | Reached skill level 7 in Fighting
  5237 | D:9      | Gained mutation: Your system is resistant to poisons. (rPois) [Jiyva's grace]
  5279 | D:9      | Found Mylan's Distillery.
  5285 | D:9      | Bought a potion of degeneration for 15 gold pieces
  5285 | D:9      | Bought a potion of agility for 60 gold pieces
  5391 | D:10     | Entered Level 10 of the Dungeon
  5514 | D:10     | Gained mutation: You are agile. (Dex +2) [Jiyva's grace]
  5622 | D:10     | Reached skill level 8 in Fighting
  5720 | D:10     | Lost mutation: Your translucent skin slightly reduces your foes' accuracy. (Stealth) [Jiyva's grace]
  5846 | D:11     | Noticed a green ugly thing
  5853 | D:11     | Killed a green ugly thing
  5883 | D:11     | Reached skill level 9 in Fighting
  6107 | D:11     | Found a staircase to the Lair.
  6275 | D:11     | Found a frozen archway.
  6284 | IceCv    | Entered an ice cave
  6294 | IceCv    | Reached skill level 10 in Fighting
  6543 | IceCv    | Reached XP level 12. HP: 72/79 MP: 14/16
  6588 | IceCv    | Gained mutation: Your translucent skin slightly reduces your foes' accuracy. (Stealth) [Jiyva's grace]
  6630 | IceCv    | Noticed an ice dragon
  6643 | IceCv    | Killed an ice dragon
  6643 | IceCv    | Reached skill level 11 in Fighting
  6644 | IceCv    | Noticed an ice dragon
  6671 | IceCv    | Killed an ice dragon
  7064 | Lair:1   | Entered Level 1 of the Lair of Beasts
  7249 | Lair:1   | Reached skill level 6 in Translocations
  7570 | Lair:2   | Gained mutation: Your muscles are strong. (Str +2) [Jiyva's grace]
  7592 | Lair:2   | Found a staircase to the Snake Pit.
  7681 | Lair:2   | Got a twisted scale mail
  7726 | Lair:2   | Reached skill level 7 in Translocations
  8221 | Lair:3   | Found a staircase to the Shoals.
  8405 | Lair:3   | Reached skill level 3 in Spellcasting
  8405 | Lair:3   | Reached skill level 8 in Translocations
  8530 | Lair:3   | Identified the +6 scale mail of the Circus Animal {Str+2 Int+4} (You found it on level 2 of the Lair of Beasts)
  8582 | Lair:4   | Reached skill level 12 in Fighting
  8582 | Lair:4   | Reached skill level 3 in Dodging
  8604 | Lair:4   | Found a labyrinth entrance.
  8612 | Lab      | Entered a labyrinth
  8807 | Lab      | Noticed a minotaur
  8815 | Lab      | Killed a minotaur
  8959 | Lair:4   | Reached skill level 4 in Dodging
  8959 | Lair:4   | Reached XP level 13. HP: 62/87 MP: 11/18
  9061 | Lair:4   | Gained mutation: Your body has grown golden eyes which may confuse attackers. (Acc +3) [Jiyva's grace]
  9091 | Lair:4   | Reached skill level 13 in Fighting
  9091 | Lair:4   | Reached skill level 5 in Dodging
  9348 | Lair:5   | Lost mutation: Your muscles are strong. (Str +2) [Jiyva's grace]
  9724 | Lair:5   | Reached skill level 6 in Dodging
  9743 | Lair:5   | Found a staircase to the Slime Pits.
  9862 | Slime:1  | Entered Level 1 of the Pits of Slime
  9862 | Slime:1  | Noticed an acid blob
  9862 | Slime:1  | Noticed an acid blob
  9868 | Slime:2  | Noticed an acid blob
  9872 | Slime:2  | Noticed a great orb of eyes
  9884 | Slime:4  | Noticed an acid blob
  9893 | Slime:5  | Entered Level 5 of the Pits of Slime
  9893 | Slime:5  | Noticed an azure jelly
  9898 | Slime:5  | Noticed an acid blob
  9905 | Slime:5  | Noticed an acid blob
  9905 | Slime:5  | Noticed the Royal Jelly
  9905 | Slime:5  | Gained mutation: You are partially covered in thin metallic scales. (AC +2) [Jiyva's grace]
  9906 | Slime:5  | Noticed an acid blob
  9906 | Slime:5  | Noticed a great orb of eyes
  9906 | Slime:5  | Noticed a death ooze
  9906 | Slime:5  | Noticed a death ooze
  9907 | Slime:5  | Noticed an acid blob
  9907 | Slime:5  | Found a viscous altar of Jiyva.
  9909 | Slime:5  | Gained mutation: You possess an exceptional clarity of mind. [Jiyva's grace]
  9913 | Slime:5  | Lost mutation: You possess an exceptional clarity of mind. [Jiyva's grace]
  9915 | Slime:5  | Noticed an acid blob
  9917 | Slime:5  | Gained mutation: Your translucent skin reduces your foes' accuracy. (Stealth) [Jiyva's grace]
  9920 | Slime:5  | Got a fine morningstar
  9925 | Slime:5  | Lost mutation: Your system is resistant to poisons. (rPois) [Jiyva's grace]
  9930 | Slime:5  | Got a transparent platinum amulet
  9934 | Slime:5  | Lost mutation: You are partially covered in thin metallic scales. (AC +2) [Jiyva's grace]
  9938 | Slime:5  | Got a slimy rune of Zot
  9945 | Slime:5  | Identified the +2 morningstar of Gaoseir {crush, rF+} (You found it on level 5 of the Pits of Slime)
  9949 | Slime:5  | Killed an acid blob
  9952 | Slime:5  | Identified the amulet "Cisojepp" {Regen+ Stlth+} (You found it on level 5 of the Pits of Slime)
  9957 | Slime:5  | Killed an acid blob
  9960 | Slime:5  | Killed a great orb of eyes
  9961 | Slime:5  | Killed an acid blob
 10028 | Lair:6   | Entered Level 6 of the Lair of Beasts
 10212 | Lair:6   | Gained mutation: You have acidic saliva. [Jiyva's grace]
 10247 | Lair:6   | Reached skill level 14 in Fighting
 10247 | Lair:6   | Reached skill level 7 in Dodging
 10378 | Lair:6   | Gained mutation: You are very agile. (Dex +4) [Jiyva's grace]
 10477 | Lair:6   | Reached skill level 8 in Dodging
 10481 | Lair:6   | Gained mutation: You can fly continuously. [Tengu growth]
 10481 | Lair:6   | Reached XP level 14. HP: 87/96 MP: 19/19
 10652 | Lair:6   | Reached skill level 15 in Fighting
 10759 | Lair:6   | Lost mutation: Your body has grown golden eyes which may confuse attackers. (Acc +3) [Jiyva's grace]
 11019 | D:12     | Reached skill level 5 in Armour
 11044 | D:12     | Found Pihank's Food Boutique.
 11127 | D:12     | Reached skill level 9 in Dodging
 11253 | D:12     | Lost mutation: You are very agile. (Dex +4) [Jiyva's grace]
 11278 | D:12     | Gained mutation: You are somewhat resistant to further mutation. [Jiyva's grace]
 11328 | D:12     | Found Iri Peph's Food Boutique.
 11774 | D:13     | Noticed Nessos
 11782 | D:13     | Slimified Nessos
 11782 | D:13     | Noticed Nessos
 11782 | D:13     | Nessos changed into Nessos the slime creature
 11807 | D:13     | Lost mutation: You have acidic saliva. [Jiyva's grace]
 12113 | D:13     | Reached skill level 6 in Armour
 12249 | D:13     | Gained mutation: You have a pair of small horns on your head. [Jiyva's grace]
 12369 | D:14     | Reached skill level 1 in Bows
 12390 | D:14     | Reached skill level 2 in Bows
 12405 | D:14     | Reached skill level 3 in Bows
 12410 | D:14     | Reached skill level 4 in Bows
 12494 | D:14     | Found a gate to the Vaults.
 12521 | D:14     | Gained mutation: Armour fits poorly on your strangely shaped body. [Jiyva's grace]
 12571 | D:14     | Reached skill level 5 in Bows
 12629 | D:14     | Gained mutation: You heal very quickly. [Jiyva's grace]
 12728 | D:14     | Reached skill level 6 in Bows
 12872 | D:14     | Noticed a vault warden
 12884 | D:14     | Killed a vault warden
 13034 | D:15     | Entered Level 15 of the Dungeon
 13044 | D:15     | Reached skill level 7 in Bows
 13087 | D:15     | Reached XP level 15. HP: 69/104 MP: 20/20
 13092 | D:15     | Reached skill level 8 in Bows
 13102 | D:15     | Found a staircase to the Depths.
 13199 | D:15     | Reached skill level 9 in Bows
 13371 | D:15     | Gained mutation: You are covered in slimy tendrils that may disarm your opponents. [Jiyva's grace]
 13422 | D:15     | Gained mutation: Potions are less effective at restoring your health. [Jiyva's grace]
 13425 | D:15     | Found a runed door.
 13460 | D:15     | Reached skill level 10 in Bows
 13728 | D:15     | Gained mutation: Your flesh is heat resistant. (rF+) [Jiyva's grace]
 13786 | D:15     | Reached skill level 11 in Bows
 13800 | D:15     | Gained mutation: Your mind is acute. (Int +2) [Jiyva's grace]
 13926 | D:11     | Noticed lorenzova's ghost (journeyman DEFE)
 13933 | D:11     | Killed lorenzova's ghost
 14009 | Orc:1    | Entered Level 1 of the Orcish Mines
 14064 | Orc:1    | Lost mutation: Your translucent skin reduces your foes' accuracy. (Stealth) [Jiyva's grace]
 14172 | Orc:1    | Lost mutation: Your mind is acute. (Int +2) [Jiyva's grace]
 14262 | Orc:1    | Gained mutation: You tend to lose your temper in combat. [Jiyva's grace]
 14324 | Orc:2    | Entered Level 2 of the Orcish Mines
 14429 | Orc:1    | Noticed an orc warlord
 14493 | Orc:1    | Killed an orc warlord
 14493 | Orc:1    | Reached skill level 12 in Bows
 14509 | Orc:1    | Lost mutation: Armour fits poorly on your strangely shaped body. [Jiyva's grace]
 14841 | Orc:2    | Found a staircase to the Elven Halls.
 14842 | Orc:2    | Lost mutation: You have a pair of small horns on your head. [Jiyva's grace]
 14860 | Orc:2    | Gained mutation: You regenerate. [Jiyva's grace]
 14871 | Orc:2    | Lost mutation: You are agile. (Dex +2) [Jiyva's grace]
 14910 | Orc:2    | Lost mutation: You tend to lose your temper in combat. [Jiyva's grace]
 15034 | Orc:2    | Gained mutation: Your mind is acute. (Int +2) [Jiyva's grace]
 15051 | Orc:2    | Found Umerph Vijounk's General Store.
 15052 | Orc:2    | Found Zedousuh's Distillery.
 15099 | Orc:2    | Lost mutation: You regenerate. [Jiyva's grace]
 15156 | Orc:2    | Lost mutation: Your flesh is heat resistant. (rF+) [Jiyva's grace]
 15173 | Orc:2    | Bought 19 arrows for 49 gold pieces
 15173 | Orc:2    | Bought a scroll of remove curse for 39 gold pieces
 15173 | Orc:2    | Bought a scroll of teleportation for 39 gold pieces
 15173 | Orc:2    | Bought a potion of might for 52 gold pieces
 15173 | Orc:2    | Bought a scroll of silence for 97 gold pieces
 15175 | Orc:2    | Bought a potion of agility for 56 gold pieces
 15175 | Orc:2    | Bought a potion of cancellation for 112 gold pieces
 15175 | Orc:2    | Bought a potion of curing for 42 gold pieces
 15175 | Orc:2    | Bought a potion of haste for 140 gold pieces
 15175 | Orc:2    | Bought a potion of ambrosia for 112 gold pieces
 15175 | Orc:2    | Bought a potion of curing for 42 gold pieces
 15252 | Orc:2    | Lost mutation: Your mind is acute. (Int +2) [Jiyva's grace]
 15307 | Orc:2    | Reached skill level 13 in Bows
 15348 | Orc:2    | Gained mutation: Your flesh is heat resistant. (rF+) [Jiyva's grace]
 15442 | Orc:2    | Lost mutation: You heal very quickly. [Jiyva's grace]
 15486 | Orc:2    | Found Kienoitt's Antique Weapon Emporium.
 15486 | Orc:2    | Found a one-way gate leading to the halls of Pandemonium.
 15486 | Orc:2    | Found Doluutywn's Gadget Shoppe.
 15599 | Orc:2    | Bought a wand of digging (8/24) for 408 gold pieces
 15690 | Orc:2    | Lost mutation: Your natural rate of healing is unusually fast. [Jiyva's grace]
 15830 | Shoals:1 | Entered Level 1 of the Shoals
 15835 | Shoals:1 | Noticed Kirke
 16030 | Shoals:1 | Reached XP level 16. HP: 76/109 MP: 21/21
 16114 | Shoals:1 | Reached skill level 14 in Bows
 16243 | Shoals:1 | Lost mutation: Your flesh is heat resistant. (rF+) [Jiyva's grace]
 16272 | Shoals:1 | Slimified Kirke
 16272 | Shoals:1 | Noticed Kirke
 16272 | Shoals:1 | Kirke changed into Kirke the azure jelly
 16333 | Shoals:1 | Gained mutation: Your muscles are strong. (Str +2) [Jiyva's grace]
 16434 | Shoals:1 | Reached skill level 15 in Bows
 16439 | Shoals:1 | Gained mutation: Armour fits poorly on your pseudopods. [Jiyva's grace]
 16508 | Shoals:2 | Noticed Polyphemus
 16624 | Shoals:4 | Entered Level 4 of the Shoals
 16691 | Shoals:4 | Lost mutation: Your muscles are strong. (Str +2) [Jiyva's grace]
 16799 | Shoals:4 | Noticed Bai Suzhen
 16807 | Shoals:4 | Got a barnacled rune of Zot
 16915 | Snake:1  | Entered Level 1 of the Snake Pit
 16952 | Snake:1  | Lost mutation: Your translucent skin slightly reduces your foes' accuracy. (Stealth) [Jiyva's grace]
 17213 | Snake:1  | Identified the +1 leather armour of the Barnacle {rC+ rN+ Slay+3} (You found it on level 1 of the Snake Pit)
 17392 | Snake:1  | Reached skill level 16 in Bows
 17411 | Snake:1  | Gained mutation: You have an increased reservoir of magic. (+10% MP) [Jiyva's grace]
 17620 | Snake:2  | Identified the +4 plate armour of Kikubaaqudgha's Hope {+Blink rCorr Int+3 SInv} (You found it on level 2 of the Snake Pit)
 17940 | Snake:2  | Lost mutation: You are somewhat resistant to further mutation. [Jiyva's grace]
 18024 | Snake:2  | Noticed Aizul
 18059 | Snake:2  | Killed Aizul
 18152 | Snake:2  | Gained mutation: You are agile. (Dex +2) [Jiyva's grace]
 18212 | Snake:2  | Reached skill level 17 in Bows
 18448 | Snake:2  | Noticed a nagaraja
 18475 | Snake:2  | Killed a nagaraja
 18490 | Snake:2  | Lost mutation: Potions are less effective at restoring your health. [Jiyva's grace]
 18706 | Snake:2  | Reached XP level 17. HP: 114/114 MP: 24/24
 19188 | Snake:2  | Reached skill level 18 in Bows
 19611 | Snake:4  | Entered Level 4 of the Snake Pit
 19656 | Snake:4  | Found a burning altar of Makhleb.
 19695 | Snake:4  | Reached skill level 19 in Bows
 19966 | Snake:4  | Gained mutation: Your body has grown golden eyes which may confuse attackers. (Acc +3) [Jiyva's grace]
 20395 | Snake:4  | Gained mutation: You have a pair of small antennae on your head. [Jiyva's grace]
 20447 | Snake:4  | Found a radiant altar of Vehumet.
 20567 | Snake:4  | Lost mutation: You are agile. (Dex +2) [Jiyva's grace]
 21232 | Snake:4  | Reached skill level 20 in Bows
 21322 | Snake:4  | Reached skill level 10 in Dodging
 21384 | Snake:4  | Gained mutation: You are resistant to hostile enchantments. (MR+) [Jiyva's grace]
 21401 | Snake:4  | Lost mutation: Your body has grown golden eyes which may confuse attackers. (Acc +3) [Jiyva's grace]
 21435 | Snake:4  | Lost mutation: You are covered in slimy tendrils that may disarm your opponents. [Jiyva's grace]
 21585 | Snake:4  | Gained mutation: You expend magic power (3 MP) to strengthen your wands. [Jiyva's grace]
 21608 | Snake:4  | Reached skill level 11 in Dodging
 21608 | Snake:4  | Reached XP level 18. HP: 120/120 MP: 25/25
 21830 | Snake:4  | Got a serpentine rune of Zot
 22166 | D:8      | Bought 19 arrows for 45 gold pieces
 22166 | D:8      | Bought a potion of heal wounds for 60 gold pieces
 22166 | D:8      | Bought a scroll of identify for 24 gold pieces
 22227 | D:9      | Bought a potion of invisibility for 120 gold pieces
 22227 | D:9      | Bought a potion of heal wounds for 75 gold pieces
 22388 | Depths:1 | Entered Level 1 of the Depths
 22438 | D:14     | Gained mutation: Your system is resistant to poisons. (rPois) [Jiyva's grace]
 22500 | D:14     | Reached skill level 12 in Dodging
 22728 | Depths:1 | Gained mutation: Your mind is acute. (Int +2) [Jiyva's grace]
 22914 | Depths:1 | Found Ceinwes's Jewellery Shoppe.
 22916 | Depths:1 | Found Meewn's Gadget Boutique.
 22917 | Depths:1 | Found Hecseteg's Jewellery Shoppe.
 22927 | Depths:1 | Gained mutation: You have a small jelly attached to you that senses nearby items. [Jiyva's grace]
 23016 | Depths:1 | Gained mutation: You evolve. [Jiyva's grace]
 23057 | Depths:1 | Reached skill level 13 in Dodging
 23288 | Depths:1 | Lost mutation: Your system is resistant to poisons. (rPois) [Jiyva's grace]
 23293 | Depths:1 | Found a gateway to Hell.
 23951 | Depths:3 | Lost mutation: You are resistant to hostile enchantments. (MR+) [Jiyva's grace]
 23980 | Depths:3 | Reached skill level 14 in Dodging
 24158 | Depths:3 | Gained mutation: Your rubbery body absorbs attacks. (AC +1, EV +1) [Jiyva's grace]
 24526 | Depths:3 | Reached skill level 7 in Armour
 24794 | Depths:3 | Reached skill level 8 in Armour
 24794 | Depths:3 | Lost mutation: You expend magic power (3 MP) to strengthen your wands. [evolution]
 24898 | Depths:3 | Reached skill level 9 in Armour
 25243 | Depths:3 | Gained mutation: Your flesh is heat resistant. (rF+) [Jiyva's grace]
 25256 | Depths:3 | Gained mutation: You passively map a small area around you. [Jiyva's grace]
 25257 | Depths:3 | Lost mutation: You have an increased reservoir of magic. (+10% MP) [Jiyva's grace]
 25337 | Depths:3 | Reached skill level 16 in Fighting
 25353 | Depths:3 | Reached XP level 19. HP: 48/125 MP: 24/24
 25826 | Depths:3 | Lost mutation: Your flesh is heat resistant. (rF+) [Jiyva's grace]
 26092 | Depths:4 | Gained mutation: Your flesh is cold resistant. (rC+) [Jiyva's grace]
 26099 | Depths:4 | Identified the +7 chain mail of Infinity {rC+ rCorr MP+9 Int+3} (You found it on level 4 of the Depths)
 26219 | Depths:3 | Lost mutation: You have a pair of small antennae on your head. [Jiyva's grace]
 26555 | Depths:4 | Found a shattered altar of Ashenzari.
 26618 | Depths:4 | Gained mutation: You have a small jelly attached to you that may absorb incoming projectiles. [Jiyva's grace]
 26625 | Depths:4 | Found a one-way gate to the infinite horrors of the Abyss.
 26714 | Depths:4 | Reached skill level 17 in Fighting
 26714 | Depths:4 | Reached skill level 21 in Bows
 26858 | Depths:4 | HP: 16/192 [spriggan berserker/enchanted war axe (30)]
 26862 | Depths:4 | Slain by a spriggan rider

Skill      XL: |  1  2  3  4  5  6  7  8  9 10 11 12 13 14 15 16 17 18 19 |
---------------+----------------------------------------------------------+-----
Fighting       | 3 4 5 10 12 14 15 16 17 | 17.0
Staves         | 4 6 7 8 9 12 14 | 14.4
Armour         | 2 4 6 9 |  9.0
Translocations | 5 8 |  8.0
Spellcasting   | 3 |  3.0
Dodging        | 4 8 9 11 14 | 14.0
Bows           | 7 13 17 20 21 | 21.0
Polearms       | |  2.1
Throwing       | |  1.0

Action                   |  1- 3 |  4- 6 |  7- 9 | 10-12 | 13-15 | 16-18 | 19-21 || total
-------------------------+-------+-------+-------+-------+-------+-------+-------++-------
Melee: Spear             |    23 |       |       |       |       |       |       ||    23
       Kick              |    11 |     9 |    51 |   171 |   461 |   280 |    43 ||  1026
       Peck              |     5 |     4 |    30 |   119 |   292 |   170 |    29 ||   649
       Quarterstaff      |    37 |    69 |   188 |       |    17 |       |       ||   311
       Lajatang          |       |       |     7 |   455 |  1121 |   664 |    92 ||  2339
       Bite              |       |       |       |       |    54 |       |       ||    54
       Eveningstar       |       |       |       |       |     8 |       |       ||     8
       Headbutt          |       |       |       |       |   104 |       |       ||   104
       Pseudopods        |       |       |       |       |       |   165 |    33 ||   198
 Fire: Blowgun           |       |       |       |     4 |       |       |       ||     4
       Longbow           |       |       |       |       |    20 |   837 |   192 ||  1049
Throw: Throwing net      |       |       |       |     1 |       |       |       ||     1
 Cast: Apportation       |       |       |       |    28 |   102 |   443 |    83 ||   656
       Blink             |       |       |       |     5 |       |    16 |     2 ||    23
       Passage of Golubr |       |       |       |     2 |     1 |       |       ||     3
Invok: Slimify           |       |       |       |       |     1 |     1 |       ||     2
 Abil: Fly               |       |       |       |       |     1 |       |       ||     1
Evoke: Wand              |       |       |     1 |     3 |     5 |     3 |       ||    12
  Use: Scroll            |     6 |     2 |     6 |     3 |    10 |     7 |     1 ||    35
       Potion            |     3 |       |     2 |     2 |       |       |     1 ||     8
 Stab: Confused          |     1 |       |       |     1 |     6 |     2 |       ||    10
       Held in net/web   |       |       |       |     3 |       |       |       ||     3
       Sleeping          |       |       |       |       |    14 |     1 |       ||    15
       Distracted        |       |       |       |       |     9 |     1 |       ||    10
  Eat: Chunk             |     1 |     2 |     2 |       |       |       |       ||     5
       Royal jelly       |       |       |       |     1 |       |       |       ||     1
Armor: Leather armour    |     7 |       |       |       |       |       |       ||     7
       Ring mail         |    19 |    12 |       |   134 |   240 |   166 |    15 ||   586
       Scale mail        |       |     6 |     2 |       |       |       |       ||     8
       Chain mail        |       |       |    69 |       |       |       |    56 ||   125
       Fire dragon scale |       |       |    12 |    16 |       |     8 |       ||    36
Dodge: Dodged            |    32 |    33 |    38 |   159 |   786 |   583 |   138 ||  1769

Table legend:
 A = Turns spent in this place as a percentage of turns spent in the entire game.
 B = Non-inter-level travel turns spent in this place as a percentage of non-inter-level travel turns spent in the entire game.
 C = Inter-level travel turns spent in this place as a percentage of turns spent in this place.
 D = Turns resting spent in this place as a percentage of non-inter-level travel turns spent in this place.
 E = Turns spent auto-exploring this place as a percentage of non-inter-level travel turns spent in this place.
 F = Non-inter-level travel turns spent in this place divided by the number of levels of this place that you've seen.
                   A       B       C       D       E      F
               +-------+-------+-------+-------+-------+----------------------
         Total | 100.0 | 100.0 |   0.5 |   1.2 |   0.1 | 500.1
       Dungeon |  35.0 |  35.0 |   0.6 |   0.4 |   0.0 | 489.7
          Lair |  16.1 |  16.1 |   0.3 |   0.1 |   0.0 | 564.5
        Shoals |   4.6 |   4.6 |   0.1 |   1.8 |   0.0 | 240.2
     Snake Pit |  18.1 |  18.0 |   0.6 |   3.1 |   0.1 | 947.0
    Slime Pits |   0.9 |   0.9 |   1.1 |   0.0 |   0.0 |  37.6
  Orcish Mines |   7.6 |   7.6 |   0.4 |   0.7 |   0.2 | 795.5
        Depths |  15.2 |  15.3 |   0.2 |   2.1 |   0.0 | 801.8
     Labyrinth |   1.0 |   1.1 |   0.0 |   0.0 |   0.0 | 221.0
      Ice Cave |   1.5 |   1.5 |   0.0 |   4.1 |   0.3 | 316.0
               +-------+-------+-------+-------+-------+----------------------

Table legend:
 A = Kills in this place as a percentage of kills in entire the game.
 B = Kills by you in this place as a percentage of kills by you in the entire game.
 C = Kills by friends in this place as a percentage of kills by friends in the entire game.
 D = Other kills in this place as a percentage of other kills in the entire game.
 E = Experience gained in this place as a percentage of experience gained in the entire game.
 F = Experience gained in this place divided by the number of levels of this place that you have seen.
                   A       B       C       D       E      F
               +-------+-------+-------+-------+-------+----------------------
         Total | 100.0 | 100.0 | 100.0 | 100.0 | 100.0 | 8718.5
       Dungeon |  33.0 |  33.1 |  18.2 | 100.0 |  17.3 | 4233.5
          Lair |  15.2 |  15.4 |   0.0 |   0.0 |  10.6 | 6477.0
        Shoals |   4.3 |   4.2 |  18.2 |   0.0 |   6.0 | 5472.5
     Snake Pit |  19.0 |  19.2 |   0.0 |   0.0 |  28.6 | 26194.5
  Orcish Mines |  12.5 |  12.7 |   0.0 |   0.0 |   5.9 | 10726.0
        Depths |  13.7 |  13.3 |  54.5 |   0.0 |  30.1 | 27518.0
     Labyrinth |   0.4 |   0.4 |   0.0 |   0.0 |   0.4 | 1421.0
      Ice Cave |   1.8 |   1.7 |   9.1 |   0.0 |   1.1 | 4198.0
               +-------+-------+-------+-------+-------+----------------------

Vault maps used:
D:1:      lightli_iron_boxes
D:2:      chequers_ecumenical_altar_simple, elyvilon_altar_4,
          uniq_crazy_yiuf_cottage, uniq_terence
D:3:      first_bread, uniq_sigmund, uniq_purgy
D:4:      minmay_temple_entry_statues_pillars, serial_shops, shop_fountains,
          serial_bayou_pond_c
D:5:      serial_shops, shop, grunt_decor_cap
D:6:      kennysheep_generic_room_2, uniq_prince_ribbit1
D:7:      uniq_pikel
D:8:      kennysheep_steamy, serial_shops, shop_fountains, grunt_ogre_cave,
          kennysheep_donut, uniq_gastronok
D:9:      orc_0_dummy, serial_shops, nicolae_shop_crystal, minivault_5
D:11:     lair_entry_dummy, portal_ice_cave_demonic_guard
D:12:     cheibrodos_fzero, serial_shops, shop, shop_fountains
D:13:     uniq_nessos
D:14:     david_vaults_2, nicolae_lava_and_water
D:15:     hangedman_depths_entry_civil_slaughter, bh_walls_and_bars,
          minmay_hidden_floor
Lair:1:   st_stairs_4, grunt_forest_large_clearing_hut
Lair:2:   guppyfry_snake_entry_garden, beast_lair_carwin_11
Lair:3:   shoals_dummy_entry, grunt_megastairs_4
Lair:4:   lemuel_slime, lab_entry_generic
Lair:5:   minmay_slime_entry_pillars, wad_woods_06, lemuel_fruit_tree
Lair:6:   minmay_lair_end_enchanted_forest, lemuel_fruit_fields
Shoals:1: cheibrodos_shoals_three_sisters, uniq_kirke
Shoals:2: uniq_polyphemus, uniq_nikola
Shoals:3: serial_shops, shop, nicolae_shop_behind_doors, uniq_roxanne
Shoals:4: shoals_end_simple, shoals_ilsuiw_alternative, uniq_bai_suzhen
Snake:2:  nicolae_cobra_stairs, serial_bayou_pond_d, uniq_aizul
Snake:3:  uniq_asterion, uniq_donald, uniq_vashnia, uniq_mara
Snake:4:  minmay_snake_end_coiled, st_stairs_10, hangedman_feature_mirror
Slime:4:  cheibrodos_slime_lost_civilization_7
Orc:1:    lightli_orcish_oven
Orc:2:    pf_orc_diabolical
Depths:1: pan_entry, serial_sigils_hangedman_scratch, pf_hell_entry_great_geh,
          ice2_lemuel, infiniplex_staircase_pool_lava, minmay_shop_grove,
          serial_bayou_shore_a
Depths:2: minmay_shrinking_squares, enter_ziggurat_a, corexii_hall_statues_l,
          hellmouth_1
Depths:3: minmay_split_circle, pan_entry, grunt_hell_entry_dis_mu,
          chequers_big_river
Depths:4: grunt_twist_and_shout, abyss_entry_small_statue_room, hell_entry,
          special_room, ashenzari_altar_1, infiniplex_staircase_hallway_doors
Lab:      labyrinth_watery, labyrinth_skeletal_remains, nicolae_lab_starburst,
          lab_hedge, nicolae_lab_grate
IceCv:    ice_cave_small_dragons
